 Dungeon Crawl Stone Soup version 0.28.0 (webtiles) character file.

Game seed: 4847137142104899429

11235 syranez the Cleaver (level 11, -8/102 HPs)
             Began as a Minotaur Berserker on Feb 5, 2022.
             Was an Elder of Trog.
             Mangled by Snorg (16 damage)
             ... on level 11 of the Dungeon on Feb 6, 2022.
             The game lasted 00:34:55 (12706 turns).

syranez the Cleaver (Minotaur Berserker)           Turns: 12706, Time: 00:34:56

Health: -8/102     AC: 21    Str: 23    XL:     11   Next: 46%
Magic:  10/10      EV:  7    Int:  8    God:    Trog [****..]
Gold:   560        SH: 14    Dex:  9    Spells: 10/10 levels left

rFire   . . .      SeeInvis .   Z - +0 war axe
rCold   . . .      Faith    .   T - +0 kite shield
rNeg    . . .      Spirit   .   w - +0 plate armour {rPois}
rPois   +          Reflect  +   X - +2 hat {Stlth+}
rElec   +          Harm     .   (no cloak)
rCorr   .          Rampage  .   (no gloves)
Will    ++...                   O - +3 pair of boots of Trial and Error {rElec Str-4 Int+4}
Stlth   ..........              l - amulet of reflection
HPRegen 1.27/turn               k - +4 ring of protection
MPRegen 0.12/turn               L - +4 ring of protection

@: strong-willed, corroded, on berserk cooldown, regenerating, slowed, very slow
A: horns 2, retaliatory headbutt
a: Renounce Religion, Berserk, Trog's Hand, Brothers in Arms


You were on level 11 of the Dungeon.
You worshipped Trog.
Trog was greatly pleased with you.
You visited 1 branch of the dungeon, and saw 11 of its levels.
You also visited: Sewer and Bailey.

You collected 835 gold pieces.
You spent 275 gold pieces at shops.

Inventory:

Hand Weapons
 G - a +2 hunting sling of flaming
 K - a +2 flail of protection
 Q - the +9 spear "Dapegeum" {flame, Int+6}
   (You found it on level 6 of the Dungeon)

   It burns those it strikes, dealing additional fire damage.
   Int:       It affects your intelligence (+6).
 Z - a +0 war axe (weapon)
Missiles
 a - 4 datura-tipped darts
 h - 21 curare-tipped darts (quivered)
 n - 30 poisoned darts
 C - 12 atropa-tipped darts
 F - 5 silver javelins
 I - 101 sling bullets
 M - a throwing net
 V - 15 boomerangs
Armour
 w - a +0 plate armour of poison resistance (worn)
 x - a +0 robe of willpower
 O - the +3 pair of boots of Trial and Error (worn) {rElec Str-4 Int+4}
   (You bought it in a shop on level 2 of the Dungeon)

   Str:       It affects your strength (-4).
   Int:       It affects your intelligence (+4).
   rElec:     It insulates you from electricity.
 T - a +0 kite shield (worn)
 X - a +2 hat of stealth (worn)
Jewellery
 k - a +4 ring of protection (left hand)
 l - an amulet of reflection (around neck)
 s - an amulet of the acrobat
 u - a ring of resist corrosion
 L - a +4 ring of protection (right hand)
 W - an amulet of guardian spirit
Wands
 q - a wand of charming (1)
 z - a wand of iceblast (3)
 E - a wand of polymorph (3)
 J - a wand of digging (10)
 R - a wand of mindburst (15)
Scrolls
 c - a scroll of immolation {unknown}
 f - 3 scrolls of blinking
 g - 2 scrolls of fog
 o - 2 scrolls of magic mapping
 p - a scroll of fear
 t - a scroll of enchant weapon {unknown}
 y - a scroll of brand weapon {unknown}
 H - a scroll of vulnerability
 P - a scroll of teleportation {unknown}
Potions
 b - 2 potions of ambrosia {unknown}
 d - 2 potions of mutation {unknown}
 e - 8 potions of curing
 i - a potion of lignification {unknown}
 j - 4 potions of might
 m - a potion of magic {unknown}
 r - 3 potions of cancellation
 v - 2 potions of heal wounds {unknown}
 A - 2 potions of brilliance {unknown}
 B - 3 potions of attraction {unknown}
 D - a potion of resistance {unknown}
 N - a potion of degeneration {unknown}
 S - 2 potions of haste {unknown}
 Y - a potion of flight {unknown}


   Skills:
 + Level 11.0 Fighting
 + Level 13.0 Axes
 - Level 1.2 Throwing
 + Level 10.1 Armour
 - Level 7.0 Dodging
 - Level 0.9 Stealth
 + Level 7.7 Shields


You had 10 spell levels left.
You didn't know any spells.
Your spell library contained the following spells:

 Spells                   Type           Power      Damage    Failure   Level
 Foxfire                  Conj/Fire      0%         2x1d4     100%        1
 Corpse Rot               Necr/Air       0%         N/A       100%        2
 Poisonous Vapours        Pois/Air       0%         N/A       100%        2
 Conjure Flame            Conj/Fire      0%         6-21      100%        3
 Frozen Ramparts          Ice            0%         1d2       100%        3
 Gell's Gravitas          Tloc           0%         N/A       100%        3
 Lesser Beckoning         Tloc           0%         N/A       100%        3
 Summon Guardian Golem    Hex/Summ       0%         N/A       100%        3
 Teleport Other           Tloc           0%         N/A       100%        3
 Ice Form                 Ice/Tmut       0%         N/A       100%        4
 Summon Ice Beast         Ice/Summ       0%         N/A       100%        4
 Alistair's Intoxication  Tmut/Pois      0%         N/A       100%        5
 Summon Forest            Summ/Tloc      0%         N/A       100%        5
 Yara's Violent Unravell  Hex/Tmut       0%         3d3       100%        5
 Eringya's Noxious Bog    Tmut/Pois      0%         N/A       100%        6
 Statue Form              Tmut/Erth      0%         N/A       100%        6
 Orb of Destruction       Conj           0%         9d5       100%        7
 Spellforged Servitor     Conj/Summ      0%         N/A       100%        7
 Summon Hydra             Summ           0%         N/A       100%        7


Dungeon Overview and Level Annotations

Branches:
Dungeon (11/15)            Temple (0/1) D:7            Lair (0/6) D:9
    Orc (0/2) D:9           Sewer (visited)          Bailey (visited)

Altars:
Ru

Shops:
D:2 [   D:8 :   D:9 *   D:10 *

Annotations:
D:9 6 runed translucent doors, exclusion: 3 doors
D:10 3 runed translucent doors, exclusion: 3 doors, ALo's ghost, journeyman MiBe
D:11 Snorg


Innate Abilities, Weirdness & Mutations

You have a pair of horns on your head.
You reflexively headbutt those who attack you in melee.


Message History

Unknown command.
You slash the two-headed ogre! You headbutt the two-headed ogre!
The two-headed ogre is almost dead.
You slash Snorg! The two-headed ogre barely misses you.
You furiously retaliate!
You headbutt the two-headed ogre!
You kill the two-headed ogre!
Trog accepts your kill. You block Snorg's attack. Snorg completely misses you.
You block Snorg's attack.
Your Fighting skill increases to level 11!
Your Axes skill increases to level 13!
You closely miss Snorg. Your headbutt misses Snorg.
Snorg is lightly wounded.
Snorg bites you. Snorg completely misses you. Snorg claws you!
Unknown command.
You completely miss Snorg.
Snorg is lightly wounded.
You block Snorg's attack. Snorg claws you. Snorg claws you but does no damage.
You hit Snorg. You headbutt Snorg!
Snorg is moderately wounded.
You block Snorg's attack. x2; Snorg completely misses you.
Unknown command.
You slash Snorg!
Snorg is moderately wounded.
You are no longer berserk.
You are exhausted.
You feel yourself slow down. You block Snorg's attack. Snorg claws you!
* * * LOW HITPOINT WARNING * * *
Snorg claws you.
* * * LOW HITPOINT WARNING * * *
You slash Snorg!
Snorg is heavily wounded.
Snorg bites you.
* * * LOW HITPOINT WARNING * * *
You block Snorg's attack. Snorg claws you but does no damage. Snorg bites you.
* * * LOW HITPOINT WARNING * * *
Snorg claws you.
* * * LOW HITPOINT WARNING * * *
Snorg claws you!
You die...

........# ......... .........
........# ........# ........#
..>....)# ......T@##########
.... .................. #..#
#########.######## #..# #.#
#..# #.# #..# #.# #..# #.#
#####..###########.##########
.[...........................


You could see Snorg (berserk).

Vanquished Creatures
  A hydra (D:7)
  A two-headed ogre (D:11)
  An unseen horror (D:10)
  Psyche (D:9)
  Grinder (D:3)
  A jumping spider (D:9)
  A wraith (D:9)
  5 wyverns
  12 yaks
  2 redbacks (D:9)
  Eustachio (D:6)
  2 basilisks (D:9)
  A steam dragon (D:10)
  2 vampire mosquitoes (D:10)
  Edmund (D:4)
  2 swamp worms (D:7)
  5 water moccasins
  A hornet zombie (D:7)
  6 orc warriors
  2 sky beasts
  A black bear (D:4)
  2 ogres
  A centaur (D:10)
  A necrophage (D:8)
  11 kobold brigands
  2 scorpions (D:6)
  3 bullfrogs
  2 wyvern skeletons
  4 wights (D:9)
  3 howler monkeys
  A lava snake (D:8)
  3 hounds
  A bullfrog skeleton (D:5)
  7 centaur zombies
  5 orc priests
  A centaur skeleton (D:7)
  Jessica (D:3)
  2 iguanas
  Ijyb (D:4)
  11 orc wizards
  A hound skeleton (D:4)
  2 howler monkey skeletons
  16 adders
  5 river rats
  A shadow imp (D:8)
  A white imp (D:7)
  4 ufetubi
  An adder zombie (D:5)
  3 adder skeletons
  3 worms (D:3)
  3 dart slugs
  19 orcs
  4 bats
  8 endoplasms
  2 giant cockroaches
  10 hobgoblins
  5 jackals (Sewer)
  28 kobolds
  5 quokkas
  10 ball pythons
  6 frilled lizards
  12 goblins
  10 rats
271 creatures vanquished.

Vanquished Creatures (collateral kills)
  A yak (D:11)
  An acid dragon (D:11)
2 creatures vanquished.

Vanquished Creatures (others)
  A kobold brigand (Bailey)
  A bush (D:9)
  3 fungi (D:9)
  52 plants
  5 toadstools (D:1)
62 creatures vanquished.

Grand Total: 335 creatures vanquished

Notes
Turn   | Place    | Note
-------+----------+-------------------------------------------
     0 | D:1      | syranez the Minotaur Berserker began the quest for the Orb.
     0 | D:1      | Reached XP level 1. HP: 19/19 MP: 0/0
   397 | D:1      | Reached skill level 4 in Axes
   397 | D:1      | Reached XP level 2. HP: 27/27 MP: 1/1
   515 | D:1      | Reached skill level 4 in Fighting
   793 | D:2      | Found Vake's Antique Armour Shop.
   901 | D:2      | Reached XP level 3. HP: 25/33 MP: 2/2
  1141 | D:2      | Reached skill level 5 in Axes
  1387 | D:2      | Reached XP level 4. HP: 40/40 MP: 3/3
  1392 | D:2      | Reached ** piety under Trog
  1793 | D:3      | Reached skill level 6 in Axes
  1794 | D:3      | Reached XP level 5. HP: 39/47 MP: 4/4
  2095 | D:3      | Found a glowing drain.
  2100 | Sewer    | Entered a sewer
  2410 | Sewer    | Reached skill level 7 in Axes
  2410 | Sewer    | Reached XP level 6. HP: 53/53 MP: 5/5
  2887 | Sewer    | Reached skill level 8 in Axes
  3100 | Sewer    | Reached skill level 3 in Dodging
  3222 | Sewer    | Reached *** piety under Trog
  3805 | D:3      | Noticed Jessica
  3810 | D:3      | Killed Jessica
  3811 | D:3      | Reached XP level 7. HP: 60/60 MP: 6/6
  4130 | D:4      | Noticed Grinder
  4191 | D:4      | Reached skill level 5 in Fighting
  4211 | D:3      | Reached skill level 1 in Shields
  4213 | D:3      | Killed Grinder
  4214 | D:3      | Reached skill level 9 in Axes
  4214 | D:3      | Reached skill level 1 in Throwing
  4214 | D:3      | Reached skill level 3 in Armour
  4401 | D:4      | Noticed Ijyb
  4430 | D:4      | Killed Ijyb
  4498 | D:4      | Reached XP level 8. HP: 68/69 MP: 7/7
  4612 | D:4      | Found a sacrificial altar of Ru.
  4769 | D:5      | Entered Level 5 of the Dungeon
  4769 | D:5      | You fall into a shaft and drop 3 floors!
  4781 | D:8      | Reached skill level 4 in Dodging
  4894 | D:7      | Found a staircase to the Ecumenical Temple.
  4923 | D:7      | Reached skill level 4 in Armour
  5026 | D:7      | Reached skill level 6 in Fighting
  5377 | D:5      | Reached skill level 5 in Armour
  5445 | D:4      | Reached skill level 10 in Axes
  5488 | D:4      | Reached skill level 5 in Dodging
  5649 | D:5      | Noticed Edmund
  5673 | D:4      | Killed Edmund
  5674 | D:4      | Reached skill level 7 in Fighting
  5782 | D:5      | Reached **** piety under Trog
  6206 | D:2      | Bought a pair of encrusted boots for 275 gold pieces
  6206 | D:2      | Identified the +3 pair of boots of Trial and Error {rElec
                  | Str-4 Int+4} (You bought it in a shop on level 2 of the
                  | Dungeon)
  6391 | D:6      | Identified the +9 spear "Dapegeum" {flame, Int+6}
  6478 | D:6      | Noticed Eustachio
  6490 | D:6      | Reached XP level 9. HP: 68/79 MP: 8/8
  6494 | D:6      | Killed Eustachio
  6580 | D:6      | Reached skill level 6 in Armour
  6762 | D:6      | Reached skill level 6 in Dodging
  7371 | D:7      | Reached skill level 2 in Shields
  7440 | D:7      | Reached skill level 8 in Fighting
  7680 | D:7      | Noticed a four-headed hydra
  7717 | D:7      | Killed a four-headed hydra
  7718 | D:7      | Reached skill level 11 in Axes
  7718 | D:7      | Reached skill level 7 in Armour
  7718 | D:7      | Reached skill level 3 in Shields
  8432 | D:8      | Reached skill level 7 in Dodging
  8432 | D:8      | Reached XP level 10. HP: 90/90 MP: 9/9
  8601 | D:8      | Found Dobioc's Book Shoppe.
  9110 | D:8      | Reached skill level 4 in Shields
  9553 | D:9      | Found a flagged portal.
  9577 | Bailey   | Entered a bailey
  9807 | Bailey   | Reached skill level 9 in Fighting
  9823 | Bailey   | Got Sif Muna's Guide on the Mutagenic Blaze
  9855 | Bailey   | Reached skill level 8 in Armour
  9861 | Bailey   | Found a bloodstained altar of Trog.
 10029 | D:9      | Reached skill level 5 in Shields
 10126 | D:9      | Found Iqicusen's Serpentskin Sales.
 10205 | D:9      | Reached skill level 12 in Axes
 10300 | D:9      | Found a staircase to the Lair.
 10331 | D:9      | Reached skill level 6 in Shields
 10430 | D:9      | Found a runed translucent door.
 10599 | D:9      | Reached ***** piety under Trog
 10605 | D:9      | Reached skill level 9 in Armour
 10661 | D:9      | Reached skill level 10 in Fighting
 10680 | D:9      | Found a staircase to the Orcish Mines.
 11052 | D:9      | Noticed Psyche
 11062 | D:9      | Killed Psyche
 11197 | D:9      | Reached XP level 11. HP: 97/100 MP: 10/10
 11230 | D:9      | Found a runed translucent gate.
 11230 | D:9      | Found a runed translucent gate.
 11230 | D:9      | Found a runed translucent gate.
 11230 | D:9      | Found a runed translucent gate.
 11230 | D:9      | Found a runed translucent gate.
 11230 | D:9      | Noticed a boulder beetle
 11271 | D:9      | Found a runed translucent gate.
 11271 | D:9      | Noticed a lindwurm
 11301 | D:10     | Entered Level 10 of the Dungeon
 11507 | D:10     | Found a runed translucent gate.
 11507 | D:10     | Found a runed translucent gate.
 11507 | D:10     | Found a runed translucent gate.
 11675 | D:10     | Found Fygemet's Overcharged Wands.
 11718 | D:9      | Reached skill level 7 in Shields
 12128 | D:10     | Noticed ALo's ghost (journeyman MiBe)
 12258 | D:11     | Noticed Snorg
 12692 | D:11     | Reached skill level 10 in Armour
 12693 | D:11     | Noticed a two-headed ogre
 12701 | D:11     | Killed a two-headed ogre
 12702 | D:11     | Reached skill level 11 in Fighting
 12702 | D:11     | Reached skill level 13 in Axes
 12706 | D:11     | Mangled by Snorg

Illustrated notes

Levels and vault maps discovered:
D:1:      ldierk_walled_garden, layout_rooms
D:2:      layout_loops_ring, serial_shops, shop, kennysheep_generic_room_11
D:3:      layout_loops_ring, lightli_sewer_entry_pipes, dk_noncrumbling_4,
          saegor_snake_ambush, uniq_jessica
D:4:      minmay_chambers_of_twos, layout_cave_pools, nicolae_ru_path_of_blood,
          uniq_ijyb, uniq_grinder
D:5:      layout_rooms, uniq_edmund
D:6:      layout_rooms, uniq_eustachio
D:7:      layout_basic, minmay_temple_entry_large_hall, worms_lemuel
D:8:      layout_loops_ring, serial_shops, nicolae_inconvenience_store
D:9:      gammafunk_indiana_jones, layout_loops_cross, minmay_lair_entry_grove,
          enter_bailey_4, guppyfry_shop_venom, uniq_psyche
D:10:     layout_irregular_city, gammafunk_ghost_spectres,
          nicolae_shop_overcharged_wands
D:11:     layout_long_grid, serial_glass, glass_columns_b, glass_columns_a,
          abandoned_shop, uniq_snorg

Skill      XL: |  1  2  3  4  5  6  7  8  9 10 11 |
---------------+----------------------------------+-----
Axes           | 4 5 6 7 8 9 10 11 12 13 | 13.0
Fighting       | 4 5 7 8 10 11 | 11.0
Dodging        | 3 5 7 |  7.0
Shields        | 1 3 6 7 |  7.7
Throwing       | 1 |  1.2
Armour         | 3 5 7 9 10 | 10.1
Stealth        | |  0.9

Action                   |  1- 3 |  4- 6 |  7- 9 | 10-12 || total
-------------------------+-------+-------+-------+-------++-------
Melee: Hand axe          |    65 |   185 |   334 |   108 ||   692
       Headbutt          |     5 |    25 |    66 |    84 ||   180
       Punch             |     1 |     2 |     7 |       ||    10
       Spear             |       |       |     5 |       ||     5
       War axe           |       |       |       |   314 ||   314
Throw: Dart              |       |    16 |     9 |     5 ||    30
Invok: Berserk           |       |     2 |     3 |     2 ||     7
       Trog's Hand       |       |     1 |     1 |     3 ||     5
       Brothers in Arms  |       |       |     1 |     2 ||     3
Evoke: Wand              |       |       |     2 |       ||     2
  Use: Scroll            |       |     2 |     4 |     5 ||    11
Armor: Animal skin       |    15 |    27 |       |       ||    42
       Chain mail        |       |     6 |    49 |       ||    55
       Ring mail         |       |     6 |       |       ||     6
       Plate armour      |       |       |   155 |   260 ||   415
Dodge: Dodged            |    38 |    67 |    93 |    91 ||   289
Block: Other             |       |    29 |    53 |       ||    82
       Kite shield       |       |       |    36 |   315 ||   351
       Reflection        |       |       |       |    10 ||    10
